 Dungeon Crawl Stone Soup version 0.29-a0-11-ga75d3d97ab (webtiles) character file.

Game seed: 17684929537816005946

668 Pin the Skirmisher (level 7, -2/63 HPs)
             Began as a Hill Orc Fighter on Jan 29, 2022.
             Was an Initiate of Makhleb.
             Slain by a two-headed ogre (5 damage)
             ... on level 5 of the Dungeon.
             The game lasted 00:06:34 (4367 turns).

Pin the Skirmisher (Hill Orc Fighter)               Turns: 4367, Time: 00:06:35

Health: -2/63      AC: 11    Str: 21    XL:     7   Next: 58%
Magic:  7/7        EV:  9    Int:  8    God:    Makhleb [......]
Gold:   202        SH:  5    Dex: 10    Spells: 6/6 levels left

rFire   . . .      SeeInvis .   o - +1 war axe (elec)
rCold   . . .      Faith    .   c - +0 buckler
rNeg    . . .      Spirit   .   b - +0 scale mail
rPois   .          Reflect  .   f - +0 helmet
rElec   .          Harm     .   q - +0 cloak
rCorr   .          Rampage  .   (no gloves)
Will    .....                   p - +0 pair of boots
Stlth   ..........              (no amulet)
HPRegen 0.20/turn               (no ring)
MPRegen 0.10/turn               (no ring)

@: no status effects
A: no striking features
a: Renounce Religion


You were on level 5 of the Dungeon.
You worshipped Makhleb.
Makhleb was noncommittal.
You visited 2 branches of the dungeon, and saw 6 of its levels.

You collected 202 gold pieces.

Inventory:

Hand Weapons
 o - a +1 war axe of electrocution (weapon)
Armour
 b - a +0 scale mail (worn)
 c - a +0 buckler (worn)
 f - a +0 helmet (worn)
 p - a +0 pair of boots (worn)
 q - a +0 cloak (worn)
Wands
 t - a wand of iceblast (6)
Scrolls
 a - 3 scrolls of immolation {unknown}
 e - a scroll of magic mapping {unknown}
 g - 2 scrolls of vulnerability {unknown}
 i - 6 scrolls of identify {unknown}
 m - a scroll of teleportation {unknown}
 n - a scroll of enchant armour {unknown}
 s - 2 scrolls of enchant weapon {unknown}
 v - a scroll of fog {unknown}
Potions
 d - 3 potions of might
 h - a potion of brilliance {unknown}
 j - 2 potions of attraction {unknown}
 k - 2 potions of cancellation {unknown}
 l - 6 potions of curing {unknown}
 r - a potion of heal wounds {unknown}
 u - a potion of magic {unknown}


   Skills:
 + Level 6.0 Fighting
 + Level 5.8 Axes
 + Level 5.4 Armour
 + Level 5.4 Shields


You had 6 spell levels left.
You didn't know any spells.
Your spell library contained the following spells:

 Spells                   Type           Power      Damage    Failure   Level
 Corpse Rot               Necr/Air       0%         N/A       91%         2
 Ensorcelled Hibernation  Hex/Ice        0%         N/A       91%         2
 Poisonous Vapours        Pois/Air       0%         N/A       91%         2
 Spider Form              Tmut/Pois      0%         N/A       99%         3
 Summon Guardian Golem    Hex/Summ       0%         N/A       99%         3
 Anguish                  Hex/Necr       0%         N/A       100%        4
 Dispel Undead            Necr           0%         3d6       100%        4
 Death Channel            Necr           0%         N/A       100%        6
 Orb of Destruction       Conj           0%         9d5       100%        7
 Spellforged Servitor     Conj/Summ      0%         N/A       100%        7


Dungeon Overview and Level Annotations

Branches:
Dungeon (5/15)             Temple (1/1) D:4

Altars:
Ashenzari
Cheibriados
Dithmenos
Elyvilon
Fedhas
Makhleb
Okawaru
Qazlal
Sif Muna
Trog
Uskayaw
Wu Jian
Xom
Zin
The Shining One

Shops:
D:4 (


Message History

You are too injured to fight recklessly!
You are too injured to fight recklessly!
You are too injured to fight recklessly!
You are too injured to fight recklessly!
You are too injured to fight recklessly!
You are too injured to fight recklessly!
You are too injured to fight recklessly!
You are too injured to fight recklessly!
You are too injured to fight recklessly!
You are too injured to fight recklessly!
You are too injured to fight recklessly!
You are too injured to fight recklessly!
You are too injured to fight recklessly!
You are too injured to fight recklessly!
You are too injured to fight recklessly!
You are too injured to fight recklessly!
You are too injured to fight recklessly!
You are too injured to fight recklessly!
You are too injured to fight recklessly!
You are too injured to fight recklessly!
You are too injured to fight recklessly!
You are too injured to fight recklessly!
You are too injured to fight recklessly!
You are too injured to fight recklessly!
You are too injured to fight recklessly!
You are too injured to fight recklessly!
You hit the two-headed ogre.
The two-headed ogre is lightly wounded.
You block the two-headed ogre's attack.
The two-headed ogre hits you with a +0 dire flail!
* * * LOW HITPOINT WARNING * * *
You hit the two-headed ogre.
The two-headed ogre is lightly wounded.
You block the two-headed ogre's attack.
The two-headed ogre hits you with a +0 dire flail!
* * * LOW HITPOINT WARNING * * *
You closely miss the two-headed ogre.
The two-headed ogre is lightly wounded.
The two-headed ogre hits you with a +0 giant club.
You die...

##.............##
#.(.#########...#
#..##...##..###.#
##..#.#.#.##...#.#
.####...#..#(((#._.'.#
........#.#(#(##...#.#
.#####..##(((##..###.#
#...#########...#
##..†.@O.......##
########.#.######
...........# ####
######.#########..#
##..≈≈≈≈≈..#.#
#.≈.....≈.#.##
#.≈.≈≈≈.≈.#..#
#.≈≈...≈≈.##.#
#.≈≈._.≈≈.##.#


You could see a two-headed ogre and 8 dancing weapons.

Vanquished Creatures
  A black bear (D:3)
  An ogre (D:4)
  A phantom (D:4)
  2 scorpions
  An orc priest (D:4)
  A hound (D:4)
  Jessica (D:2)
  Natasha (thrice) (D:2)
  7 adders
  2 worms
  4 dart slugs
  6 orcs
  7 bats
  7 endoplasms
  4 giant cockroaches
  4 goblins
  2 hobgoblins
  2 jackals (D:4)
  4 kobolds
  6 quokkas
  6 ball pythons
  6 frilled lizards
  2 rats (D:1)
80 creatures vanquished.

Notes
Turn   | Place    | Note
-------+----------+-------------------------------------------
     0 | D:1      | Pin the Hill Orc Fighter began the quest for the Orb.
     0 | D:1      | Reached XP level 1. HP: 19/19 MP: 1/1
   200 | D:1      | Reached XP level 2. HP: 25/27 MP: 2/2
   363 | D:1      | Reached skill level 4 in Fighting
   608 | D:1      | Reached XP level 3. HP: 27/33 MP: 3/3
  1095 | D:2      | Found a hide-covered altar of Uskayaw.
  1259 | D:2      | Noticed Jessica
  1280 | D:2      | Killed Jessica
  1281 | D:2      | Reached XP level 4. HP: 12/41 MP: 4/4
  1578 | D:2      | Found a faded altar of an unknown god.
  1827 | D:2      | Noticed Natasha
  1835 | D:2      | Killed Natasha
  2053 | D:2      | Noticed Natasha
  2067 | D:2      | Killed Natasha
  2068 | D:2      | Reached XP level 5. HP: 41/47 MP: 5/5
  2201 | D:2      | Noticed Natasha
  2208 | D:2      | Killed Natasha
  2312 | D:3      | Noticed a black bear
  2323 | D:3      | Killed a black bear
  2324 | D:3      | Reached skill level 5 in Fighting
  2324 | D:3      | Reached XP level 6. HP: 41/56 MP: 6/6
  3184 | D:4      | Reached skill level 5 in Axes
  3267 | D:4      | Found a staircase to the Ecumenical Temple.
  3274 | Temple   | Entered the Ecumenical Temple
  3337 | Temple   | Became a worshipper of Makhleb the Destroyer
  3369 | D:4      | Reached skill level 5 in Armour
  3369 | D:4      | Reached skill level 5 in Shields
  3369 | D:4      | Reached XP level 7. HP: 55/61 MP: 7/7
  3608 | D:4      | Found Tesim's Weapon Boutique.
  4255 | D:5      | Entered Level 5 of the Dungeon
  4277 | D:5      | Found a glowing golden altar of the Shining One.
  4292 | D:5      | Noticed a +0 short sword
  4292 | D:5      | Noticed a +0 falchion
  4292 | D:5      | Noticed a +0 dagger
  4293 | D:5      | Noticed a +0 spear
  4293 | D:5      | Noticed a +0 short sword
  4293 | D:5      | Noticed a +0 dagger
  4293 | D:5      | Noticed a +0 spear
  4293 | D:5      | Noticed a +0 falchion
  4296 | D:5      | Found a hide-covered altar of Uskayaw.
  4301 | D:5      | Reached skill level 6 in Fighting
  4339 | D:5      | Noticed a two-headed ogre
  4366 | D:5      | HP: 3/63 [two-headed ogre (11)]
  4367 | D:5      | Slain by a two-headed ogre

Illustrated notes

Levels and vault maps discovered:
D:1:      matt_arrival_spirals, layout_basic
D:2:      layout_loops_ring, basic_ecumenical_altar, basic_altar, uniq_natasha,
          uniq_jessica
D:3:      minmay_evil_eye, layout_basic
D:4:      layout_basic, nicolae_overflow_hidden_temple,
          minmay_temple_entry_purple_smoke, serial_shops,
          nicolae_lakefront_shop, minmay_snake_closets
D:5:      layout_loops_ring, mainiacjoe_overflow_paths, amcnicky_altar_gilded,
          nicolae_uskayaw_en_pointe
Temple:   cyrus_circular_temple

Skill      XL: |  1  2  3  4  5  6  7 |
---------------+----------------------+-----
Axes           | 3 4 5 |  5.8
Fighting       | 4 5 6 |  6.0
Shields        | 4 5 |  5.4
Armour         | 4 5 |  5.4

Action                   |  1- 3 |  4- 6 |  7- 9 || total
-------------------------+-------+-------+-------++-------
Melee: War axe           |    69 |   106 |    51 ||   226
Armor: Scale mail        |    36 |    55 |    15 ||   106
Dodge: Dodged            |    37 |    43 |    28 ||   108
Block: Buckler           |    14 |    16 |    14 ||    44

Table legend: (Time is in decaauts)
 A = Elapsed time spent in this place.
 B = Non-inter-level travel time spent in this place.
 C = Inter-level travel time spent in this place.
 D = Time resting spent in this place.
 E = Time spent auto-exploring this place.
 F = Levels seen in this place.
 G = Mean time per level.
                   A        B        C        D        E       F      G
               +--------+--------+--------+--------+--------+-----+--------+
         Total |   4454 |   4320 |    134 |    254 |   3307 |   6 |  742.3 |
       Dungeon |   4377 |   4243 |    134 |    254 |   3273 |   5 |  875.4 |
        Temple |     76 |     76 |      0 |      0 |     34 |   1 |   76.0 |
               +--------+--------+--------+--------+--------+-----+--------+

Top non-repeatable levels by time:
     D:2: 1292 daAuts
     D:4: 1066 daAuts
     D:1: 1006 daAuts
     D:3: 899 daAuts
     D:5: 113 daAuts
  Temple: 76 daAuts
